 Dungeon Crawl Stone Soup version 0.17.1-3-g152610e (webtiles) character file.

20 Gargoyl the Skirmisher (level 2, 0/24 HPs)
             Began as a Demonspawn Abyssal Knight on Mar 10, 2016.
             Was a Follower of Lugonu.
             Slain by a hobgoblin (3 damage)
             ... on level 1 of the Dungeon.
             The game lasted 00:02:27 (965 turns).

Gargoyl the Skirmisher (Demonspawn Abyssal Knight)   Turns: 965, Time: 00:02:27

Health: 0/24       AC:  8    Str: 12    XL:     2   Next: 58%
Magic:  13/13      EV:  2    Int: 18    God:    Lugonu [*.....]
Gold:   87         SH:  7    Dex: 16    Spells: 0 memorised, 1 level left

rFire  + . .     SeeInvis .     a - +1 hand axe
rCold  . . .     Clarity  .     j - +0 chain mail
rNeg   . . .     SustAt   .     f - +0 shield
rPois  .         Gourm    .     (no helmet)
rElec  .         Spirit   .     (no cloak)
rCorr  .         Warding  .     (no gloves)
rMut   .         Stasis   .     (no boots)
MR     .....                    (no amulet)
Stlth  ..........               l - ring of magical power
                                d - +2 ring of dexterity

@: brilliant, not resistant to hostile enchantments, extremely unstealthy
A: claws 1, thin skeletal structure 1, fire resistance 1, high mp 1
a: Depart the Abyss, Renounce Religion


You were on level 1 of the Dungeon.
You worshipped Lugonu.
Lugonu was aware of your devotion.
You were hungry.

You visited 1 branch of the dungeon, and saw 2 of its levels.
You visited the Abyss 1 time.

You collected 87 gold pieces.

Inventory:

Hand Weapons
 a - a +1 hand axe (weapon)
Armour
 f - a +0 shield (worn)
 j - a +0 chain mail (worn)
Jewellery
 d - a +2 ring of dexterity (left claw)
 l - a ring of magical power (right claw)
Scrolls
 b - a scroll of enchant weapon {unknown}
 e - a scroll of fear {unknown}
 h - 2 scrolls of teleportation {unknown}
 n - a scroll of identify {unknown}
Comestibles
 c - 2 bread rations
 g - a slice of pizza
 m - a beef jerky


   Skills:
 + Level 3.4 Fighting
 + Level 1.9 Axes
 + Level 2.0 Armour
 + Level 1.1 Dodging
 + Level 2.8 Invocations


You had one spell level left.
You didn't know any spells.

Dungeon Overview and Level Annotations

Branches:
Dungeon (2/15)

Altars:


Innate Abilities, Weirdness & Mutations

Your flesh is heat resistant.
You have sharp fingernails.
You have a somewhat thin skeletal structure (Dex +2, Stealth).
You have an increased reservoir of magic (+10% MP).


Message History

You barely miss the hobgoblin.
The hobgoblin is lightly wounded.
The hobgoblin hits you but does no damage.
The hobgoblin hits you.
* * * LOW HITPOINT WARNING * * *
You hit the hobgoblin but do no damage.
The hobgoblin is lightly wounded.
The hobgoblin completely misses you.
Okay, then.
You aren't carrying any potions.
Unknown command.
Read which item? (? for menu, Esc to quit)
Okay, then.
You hit the hobgoblin but do no damage.
The hobgoblin is lightly wounded.
The hobgoblin hits you but does no damage.
Your shield and chain mail prevent you from hitting the hobgoblin.
The hobgoblin is lightly wounded.
The hobgoblin hits you.
You die...

#.## ###...#............#.#####
#.# #...###)..............###.
#.####.####.........##...#.....
##.#........(.(.(...............
##....#.####......##..[#####.....
....###.# #......####...........
..#.# #.# ##.....#..............
..#.# #.######...g....###########
..#.###.#.......@..##########
...)......##....##.###......##
.....#.........###.##........##
....###.###....###............###
.................................
..#.###.#....#.#####.............
......................[..........
............##.####..............
.#..............####.............


You could see a hobgoblin.

Vanquished Creatures
  A giant gecko (D:1)
  A bat (D:1)
  3 giant cockroaches
  2 goblins (D:1)
  A hobgoblin (D:1)
  A quokka (D:2)
  3 giant newts (D:1)
  A kobold (D:1)
  7 rats (D:1)
20 creatures vanquished.

Notes
Turn   | Place    | Note
--------------------------------------------------------------
     0 | Abyss:1  | Gargoyl the Demonspawn Abyssal Knight began the quest for the Orb.
     0 | Abyss:1  | Reached XP level 1. HP: 18/18 MP: 2/2
    40 | Abyss:1  | Found a corrupted altar of Lugonu.
    67 | Abyss:1  | Noticed a raiju
    68 | D:1      | Escaped the Abyss
   420 | D:1      | Reached * piety under Lugonu
   491 | D:1      | Gained mutation: Your flesh is heat resistant. [demonic ancestry]
   491 | D:1      | Reached XP level 2. HP: 20/24 MP: 4/4
   732 | D:1      | Reached skill level 1 in Dodging
   937 | D:2      | Gained mutation: You have an increased reservoir of magic (+10% MP). [potion of mutation]
   937 | D:2      | Gained mutation: You have a somewhat thin skeletal structure (Dex +2, Stealth). [potion of mutation]
   937 | D:2      | Gained mutation: You have sharp fingernails. [potion of mutation]
   965 | D:1      | Slain by a hobgoblin

Action                   || total
-------------------------++-------
Melee: Hand axe          ||    72
Invok: Depart the Abyss  ||     1
  Use: Potion            ||     2
